 Dungeon Sprint DCSS version 0.20-a0-1050-g57248f3 (webtiles) character file.

1385 Borgoz the Fighter (level 8, -3/78 HPs)
             Began as a Ghoul Fighter on Apr 25, 2017.
             Was a Believer of Makhleb.
             Killed from afar by a steam dragon (8 damage)
             ... with a ball of steam
             ... in the Dungeon (Sprint IX: "|||||||||||||||||||||||||||||").
             The game lasted 00:02:22 (301 turns).

Borgoz the Fighter (Ghoul Fighter)                   Turns: 301, Time: 00:02:23

Health: -3/78      AC: 14    Str: 25    XL:     8   Next: 67%
Magic:  12/12      EV:  8    Int:  6    God:    Makhleb [**....]
Gold:   0          SH: 11    Dex:  8    Spells: 7/7 levels left

rFire    . . .     SeeInvis .   a - +0 flail
rCold    + . .     Gourm    .   c - +0 shield
rNeg     + + +     Faith    .   r - +0 plate armour
rPois    ∞         Spirit   .   (no helmet)
rElec    .         Reflect  .   (no cloak)
rCorr    .         Harm     .   q - +0 pair of gloves
MR       .....     NoTele   +   (no boots)
Stlth    ..........             (no amulet)
Regen    0.0/turn               s - +3 ring of strength
MPRegen  0.2/turn               t - +3 ring of intelligence

@: very slightly contaminated, rotting
A: rotting body, claws 1, carnivore 3, cold resistance 1, negative energy
resistance 3, inhibited regeneration, torment resistance, unbreathing
a: Minor Destruction, Renounce Religion


You were in the Dungeon.
You worshipped Makhleb.
Makhleb was pleased with you.
You were not hungry.

You visited 1 branch

Inventory:

Hand Weapons
 a - a +0 flail (weapon)
 p - a +2 morningstar of crushing
Armour
 b - a +0 scale mail
 c - a +0 shield (worn)
 q - a +0 pair of gloves (worn)
 r - a +0 plate armour (worn)
Jewellery
 s - a +3 ring of strength (left hand)
 t - a +3 ring of intelligence (right hand)
Wands
 o - a wand of iceblast (7/15)
Scrolls
 k - 2 scrolls of blinking
 m - 3 scrolls of remove curse
 n - 2 scrolls of amnesia
Potions
 i - 4 potions of magic
 j - a potion of berserk rage
Comestibles
 f - a meat ration
 l - 2 chunks of flesh


   Skills:
 + Level 9.2 Fighting
 + Level 7.3 Maces & Flails
 + Level 7.7 Armour
 + Level 7.0 Dodging
 + Level 7.7 Shields
 + Level 7.6 Invocations


You had 7 spell levels left.
You didn't know any spells.

Dungeon Overview and Level Annotations

Branches:
Dungeon (1/1)

Altars:
Cheibriados
Dithmenos
Elyvilon
Fedhas
Gozag
Hepliaklqana
Kikubaaqudgha
Makhleb
Nemelex Xobeh
Okawaru
Qazlal
Ru
Sif Muna
Trog
Uskayaw
Vehumet
Wu Jian
Xom
Yredelemnul
Zin
The Shining One
Beogh
Jiyva
Lugonu


Innate Abilities, Weirdness & Mutations

Your body is rotting away.
You thrive on raw meat.
You are immune to poison.
You have sharp fingernails.
You are carnivorous and can eat meat at any time.
Your flesh is cold resistant. (rC+)
You are immune to negative energy. (rN+++)
You do not regenerate when monsters are visible.
You are immune to unholy pain and torment.
You can survive without breathing.


Message History

The steam dragon claws you but does no damage.
You block the steam dragon's attack. x2
You hit the steam dragon.
The steam dragon is almost dead.
You block the steam dragon's attack. x2
You hit the steam dragon.
The steam dragon is almost dead.
The steam dragon breathes steam at you. The ball of steam hits you!
* * * LOW HITPOINT WARNING * * *
You feel better.
You are engulfed in a cloud of scalding steam.
You block the steam dragon's attack. The steam dragon claws you.
* * * LOW HITPOINT WARNING * * *
Okay, then.
You closely miss the steam dragon.
The steam dragon is almost dead.
The steam dragon breathes steam at you. The ball of steam hits you!
You die... ▓▓▓▓▓▓▓▓▓▓▓▓▓▓▓▓▓▓▓▓▓▓▓▓ ..|)[(...()(.§.§@Doo...+ ▓▓▓▓▓▓▓▓▓▓▓▓▓▓▓▓▓▓▓▓▓▓▓▓

You could see a steam dragon and 2 orc warriors.

Vanquished Creatures
  A centaur warrior (D)
  A gargoyle (D)
  A hippogriff (D)
  An orc warrior (D)
  A centaur (D)
  A jelly (D)
  An orc wizard (D)
  A worker ant (D)
  An adder zombie (D)
  An orc (D)
  A giant cockroach (D)
  2 hobgoblins (D)
  A quokka (D)
  A leopard gecko skeleton (D)
  3 rats (D)
18 creatures vanquished.

Vanquished Creatures (others)
  A spatial maelstrom (D)
  A killer bee (D)
2 creatures vanquished.

Grand Total: 20 creatures vanquished

Notes
Turn   | Place    | Note
-------+----------+-------------------------------------------
     0 | D        | Borgoz the Ghoul Fighter began the quest for the Orb.
     0 | D        | Reached XP level 1. HP: 19/19 MP: 0/0
    14 | D        | Reached skill level 1 in Dodging
    23 | D        | Banished a spatial maelstrom
    26 | D        | Noticed an orc wizard
    26 | D        | Noticed a jelly
    73 | D        | Killed an orc wizard
    73 | D        | Reached skill level 4 in Fighting
    73 | D        | Reached XP level 2. HP: 17/28 MP: 1/1
    73 | D        | Reached XP level 3. HP: 21/34 MP: 2/2
    75 | D        | Reached XP level 4. HP: 22/41 MP: 3/3
    95 | D        | Found a roughly hewn altar of Beogh.
    95 | D        | Found a snail-covered altar of Cheibriados.
    95 | D        | Found a shadowy altar of Dithmenos.
    95 | D        | Found a white marble altar of Elyvilon.
    95 | D        | Found a blossoming altar of Fedhas.
    95 | D        | Found an opulent altar of Gozag.
    96 | D        | Found a hazy altar of Hepliaklqana.
    97 | D        | Found a viscous altar of Jiyva.
    98 | D        | Found an ancient bone altar of Kikubaaqudgha.
    99 | D        | Found a corrupted altar of Lugonu.
   100 | D        | Found a burning altar of Makhleb.
   101 | D        | Found a sparkling altar of Nemelex Xobeh.
   102 | D        | Found an iron altar of Okawaru.
   103 | D        | Found a stormy altar of Qazlal.
   104 | D        | Found a sacrificial altar of Ru.
   105 | D        | Found a deep blue altar of Sif Muna.
   106 | D        | Found a bloodstained altar of Trog.
   107 | D        | Found a hide-covered altar of Uskayaw.
   108 | D        | Became a worshipper of Makhleb the Destroyer
   109 | D        | Found a radiant altar of Vehumet.
   110 | D        | Found an ornate altar of the Wu Jian Council.
   111 | D        | Found a shimmering altar of Xom.
   112 | D        | Found a basalt altar of Yredelemnul.
   113 | D        | Found a glowing silver altar of Zin.
   114 | D        | Found a glowing golden altar of the Shining One.
   184 | D        | Noticed an orc warrior
   184 | D        | Noticed a centaur
   206 | D        | Killed an orc warrior
   206 | D        | Reached skill level 5 in Fighting
   206 | D        | Reached XP level 5. HP: 26/50 MP: 3/6
   214 | D        | Reached * piety under Makhleb
   219 | D        | Killed a centaur
   219 | D        | Reached skill level 6 in Fighting
   219 | D        | Reached skill level 5 in Armour
   219 | D        | Reached skill level 5 in Shields
   219 | D        | Reached XP level 6. HP: 17/58 MP: 4/7
   223 | D        | Reached skill level 5 in Maces & Flails
   240 | D        | Noticed a gargoyle
   240 | D        | Noticed a centaur warrior
   240 | D        | Noticed a hippogriff
   240 | D        | Noticed a steam dragon
   240 | D        | Noticed an orc warrior
   240 | D        | Noticed an orc warrior
   258 | D        | Killed a gargoyle
   258 | D        | Reached ** piety under Makhleb
   258 | D        | Reached skill level 7 in Fighting
   258 | D        | Reached skill level 5 in Dodging
   258 | D        | Reached skill level 5 in Invocations
   258 | D        | Reached XP level 7. HP: 31/67 MP: 8/10
   270 | D        | HP: 1/67 [centaur warrior (8)]
   273 | D        | Killed a centaur warrior
   273 | D        | Reached skill level 8 in Fighting
   273 | D        | Reached XP level 8. HP: 14/77 MP: 9/12
   288 | D        | Killed a hippogriff
   288 | D        | Reached skill level 9 in Fighting
   299 | D        | HP: 2/78 [steam dragon/ball of steam (7)]
   301 | D        | Killed from afar by a steam dragon

Vault maps used:
D:        linesprint

Skill      XL: |  1  2  3  4  5  6  7  8 |
---------------+-------------------------+-----
Maces & Flails | 2 3 4 6 7 |  7.3
Armour         | 3 4 5 6 7 |  7.7
Dodging        | 2 3 4 5 6 7 |  7.0
Fighting       | 4 5 6 7 8 9 |  9.2
Shields        | 3 4 5 6 7 |  7.7
Invocations    | 2 3 5 7 |  7.6

Action                   |  1- 3 |  4- 6 |  7- 9 || total
-------------------------+-------+-------+-------++-------
Melee: Flail             |    44 |    58 |    38 ||   140
  Use: Potion            |     3 |     4 |     4 ||    11
 Stab: Invisible         |       |     2 |       ||     2
  Eat: Chunk             |       |     8 |       ||     8
Armor: Scale mail        |    22 |     2 |       ||    24
       Plate armour      |       |    11 |    26 ||    37
Dodge: Dodged            |     9 |    14 |     9 ||    32
Block: Shield            |     9 |    27 |    23 ||    59
